AoeStats
← angyajka

MegaRandom

510156204Analyzed
4v4 RM · 2d ago on Sep 29, 2026· 67m 42s· 8 players
Game mode
Random Map
Map size
Large (8 player)
Population
200
Speed
Normal
Resources
Standard
Victory
Conquest
Starting age
Dark Age
Ending age
Imperial Age
RankedLock teamsTeams togetherTeam positionsShared explorationLock speedFull tech treeHidden civsTurbo modeCheats
Victory
Defeat
🇩🇪 Berbers · Germany
909
+12
🇲🇽 Burmese · Mexico
893
+13
🇺🇸 Japanese · United States
853
+15
🇺🇸 Magyars · United States
814
+16
🇱🇺 Saxons · Luxembourg
903
-17
🇭🇺 Huns · Hungary
899
-48
🇩🇪 Franks · Germany
751
-11
🇩🇪 Bulgarians · Germany
740
-11
kevinfz101006xr
10:26 Feudal Age
8:55 Loom
10:50 Feudal Age
15:31 Castle Age
13:21 Double-Bit Axe
13:19 Horse Collar
28:41 Guard Tower
29:12 Ballistics
28:33 Treadmill Crane
30:55 Wheelbarrow
33:20 Fletching
33:30 Padded Archer Armor
36:08 Imperial Age
33:55 Caravan
35:09 Fortified Wall
35:10 Masonry
34:57 Murder Holes
35:06 Gold Mining
35:38 Bodkin Arrow
37:24 Conscription
38:26 Parthian Tactics
38:56 Bracer
39:12 Leather Archer Armor
38:22 Heavy Cavalry Archer
40:39 Kataparuto
40:30 Yasama
41:16 Bow Saw
42:16 Chemistry
42:22 Chemistry
42:13 Pikeman
42:42 Gambesons
42:57 Squires
42:43 Arson
44:06 Two-Man Saw
43:38 Ring Archer Armor
43:11 Scale Mail Armor
43:21 Forging
44:16 Halberdier
48:56 Keep
48:09 Arrowslits
49:51 Hand Cart
50:20 Hoardings
49:07 Man-at-Arms
63:30 Long Swordsman
ChewedGizmo
11:01 Feudal Age
16:25 Double-Bit Axe
20:02 Castle Age
18:46 Stone Mining
19:07 Fletching
19:17 Padded Archer Armor
22:34 Corvinian Army
25:01 Ballistics
25:04 Bodkin Arrow
25:20 Scale Barding Armor
26:39 Leather Archer Armor
49:14 Thumb Ring
SER
0:50 Loom
12:04 Feudal Age
17:17 Town Watch
19:58 Castle Age
18:37 Scale Barding Armor
21:31 Town Patrol
22:26 Gold Mining
22:50 Bloodlines
23:24 Husbandry
26:04 Chain Barding Armor
27:55 Forging
28:09 Fishing Lines
29:35 Iron Casting
29:00 Gillnets
36:51 Imperial Age
36:30 Gold Shaft Mining
Mistăr
0:38 Loom
10:24 Feudal Age
11:32 Double-Bit Axe
11:29 Horse Collar
22:00 Castle Age
23:27 Heavy Plow
23:39 Bow Saw
25:28 Wheelbarrow
29:37 Imperial Age
27:35 Gold Mining
28:34 Arson
29:25 Medium Warships
32:08 Husbandry
32:24 Bloodlines
33:19 Forging
33:56 Conscription
35:17 Crop Rotation
36:16 Squires
35:37 Pikeman
37:30 Elite Camel Archer
38:48 Hand Cart
39:24 Iron Casting
38:42 Man-at-Arms
40:34 Thumb Ring
42:13 Fletching
45:05 Blast Furnace
44:11 Scale Barding Armor
44:30 Ballistics
44:24 Masonry
43:54 Treadmill Crane
45:07 Cavalier
47:46 Chemistry
48:29 Chain Barding Armor
48:04 Bodkin Arrow
48:09 Heavy Camel Rider
49:14 Elite Genitour
51:21 Arrowslits
55:09 Plate Barding Armor
55:43 Bracer
58:31 Kasbah
58:32 Maghrebi Camels
59:03 Siege Engineers
59:09 Fortified Wall
58:35 Light Cavalry
60:46 Padded Archer Armor
60:47 Scale Mail Armor
62:59 Hussar
zauberkugel112
0:31 Loom
12:11 Feudal Age
13:29 Wheelbarrow
12:42 Double-Bit Axe
25:59 Castle Age
24:34 Fishing Lines
24:49 Stone Mining
24:51 Gold Mining
25:44 Scale Barding Armor
25:49 Forging
26:41 Husbandry
27:13 Chain Barding Armor
27:29 Iron Casting
36:49 Imperial Age
37:09 Cavalier
38:38 Hand Cart
40:15 Bow Saw
40:10 Gillnets
40:41 Capped Ram
42:17 Ordonnance Companies
44:18 Scale Mail Armor
45:02 Conscription
48:18 Chain Mail Armor
51:00 Gold Shaft Mining
52:05 Chemistry
51:03 Murder Holes
53:17 Fortified Wall
63:45 Siege Engineers
lil_luzツ
11:24 Feudal Age
11:54 Double-Bit Axe
11:51 Horse Collar
19:01 Castle Age
19:55 Bow Saw
19:52 Heavy Plow
23:02 Fletching
24:50 Treadmill Crane
25:32 Ballistics
27:17 Murder Holes
27:33 Masonry
30:27 Gold Mining
33:06 Bodkin Arrow
33:04 Pikeman
33:44 Squires
35:26 Elite Skirmisher
42:05 Forging
41:55 Scale Mail Armor
44:29 Iron Casting
46:58 Caravan
49:33 Padded Archer Armor
52:39 Imperial Age
52:21 Gold Shaft Mining
53:46 Conscription
53:41 Elite Longship
56:19 Chemistry
61:48 Two-Man Saw
64:46 Capped Ram
angyajka
13:55 Feudal Age
22:27 Castle Age
20:14 Loom
33:58 Imperial Age
32:05 Wheelbarrow
31:58 Forging
32:02 Scale Barding Armor
33:05 Iron Casting
34:57 Chain Barding Armor
37:03 Blast Furnace
38:42 Plate Barding Armor
40:28 Bloodlines
41:09 Conscription
42:08 Hand Cart
44:59 Elite Tarkan
56:03 Husbandry
julian_venom
0:41 Loom
12:33 Feudal Age
13:49 Wheelbarrow
13:02 Double-Bit Axe
13:00 Horse Collar
13:42 Stone Mining
28:35 Castle Age
30:41 Hand Cart
33:40 Imperial Age
36:23 Stirrups
38:02 Scale Barding Armor
39:12 Caravan
40:28 Chain Barding Armor
41:55 Bagains
41:20 Elite Konnik
42:21 Conscription
43:21 Town Watch
48:23 Husbandry
48:34 Bloodlines
51:33 Gold Mining
51:46 Town Patrol
51:51 Bagains
Connection lost

Rejoining the realm…

Still unreachable

The connection could not be restored.

Session expired

The server has moved on; the page needs a fresh start.